Cogmind - Beta 15 @@@ ROGUE MODE // 2025.09.03 @ 01:00:06 Player: Sinthome Result: Destroyed by Y-45 Defender with Heavy Assault Rifle Performance ------------- Evolutions (2) 1000 Regions Visited (3) 600 Robots Destroyed (25) 125 Value Destroyed (641) 641 Prototype IDs (0) 0 Alien Tech Used (0) 0 Bonus (0) 0 TOTAL SCORE: 2366 Bonus ------- None Cogmind --------- Core Integrity 0/550 Matter 131/300 Energy 98/100 System Corruption 8% Temperature Cool (9) Movement Core (50) Location -8/Materials Parts ------- > --- POWER (1) -------- (None) > --- PROPULSION (4) --- VSS Leg Improved Titanium Leg > --- UTILITY (4) ------ Hacking Suite > --- WEAPON (2) ------- (None) > --- INVENTORY (5) ---- Huge Storage Unit Layered Light Armor Plating Layered Light Armor Plating Heavy Particle Cannon Peak State ------------ > --- POWER ------------ Micro Nuclear Core > --- PROPULSION ------- Light Treads Light Treads VTOL Module > --- UTILITY ---------- Layered Light Armor Plating Layered Light Armor Plating Hardlight Generator Hacking Suite > --- WEAPON ----------- Improved Grenade Launcher Great Maul > --- INVENTORY -------- Huge Storage Unit Layered Light Armor Plating Layered Light Armor Plating EM Pulse Cannon Heavy Particle Cannon [Rating: 29] Favorites ----------- Power Ion Engine Engine Ion Engine Power Core Micro Nuclear Core Propulsion Aluminum Leg Treads Light Treads Leg Aluminum Leg Flight Unit VTOL Module Utility Hacking Suite Device Terrain Scanner Storage Small Storage Unit Processor Visual Processing Unit Hackware Hacking Suite Protection Layered Light Armor Plating Weapon Great Maul Energy Gun Medium Laser Energy Cannon Heavy Particle Cannon Ballistic Gun Autogun Launcher Mini Grenade Launcher Impact Weapon Great Maul Build | -11 -10 -9 -8 ------- Run | Yrd Mat Mat Mat Slots Evolved 4 | . . 2 2 Power . | . . . . Propulsion 2 | . . 1 1 Utility 2 | . . 1 1 Weapon . | . . . . Parts Attached 36 | 6 4 6 20 Power 2 | 1 . . 1 Engine 1 | 1 . . . Core 1 | . . . 1 Reactor . | . . . . Propulsion 15 | 2 2 2 9 Treads 2 | . . . 2 Leg 7 | 2 . . 5 Wheel . | . . . . Hover . | . . . . Flight 6 | . 2 2 2 Utility 11 | 1 2 3 5 Device 2 | . 1 . 1 Storage 4 | 1 1 1 1 Processor 1 | . . 1 . Hackware 1 | . . 1 . Protection 3 | . . . 3 Artifact . | . . . . Weapon 8 | 2 . 1 5 Energy Gun 2 | 2 . . . Energy Cannon 2 | . . . 2 Ballistic Gun 1 | . . . 1 Ballistic Cannon . | . . . . Launcher 2 | . . 1 1 Special Weapon . | . . . . Impact Weapon 1 | . . . 1 Slashing Weapon . | . . . . Piercing Weapon . | . . . . Special Melee Weapon . | . . . . Unidentified Prototypes . | . . . . Parts Lost 14 | . . 3 11 Power . | . . . . Propulsion 8 | . . 3 5 Utility 3 | . . . 3 Weapon 3 | . . . 3 Highest Loss Streak 4 | . . 2 4 To Critical Strikes . | . . . . Average Backups 4 | 1 6 4 4 Power . | . . . . Propulsion . | . 1 . . Utility 1 | . . . 2 Weapon 1 | . 3 2 1 Tool/Special . | . . . . Unused Backups 9 | . 6 . 3 Power 1 | . 1 . . Propulsion 1 | . 1 . . Utility 2 | . 1 . 1 Weapon 5 | . 3 . 2 Tool/Special . | . . . . Average Slot Usage (%) 72 | . 92 77 61 Engine 5 | . 14 9 . Core 2 | . . . 4 Treads 5 | . . . 8 Leg 10 | . 24 . 5 Flight 8 | . 2 30 6 Device 4 | . 9 1 3 Storage 4 | . 12 8 . Processor 1 | . . 6 1 Hackware 6 | . . 9 9 Protection 5 | . . . 9 Energy Gun 8 | . 26 8 . Launcher 3 | . . 2 5 Impact Weapon 4 | . . . 7 Peak Build Rating 29 | 6 10 15 29 Average Rating 14 | 4 7 12 20 On Entrance 5 | . 6 8 9 Naked Turns . | . . . . Heaviest Build 29 | 14 15 12 29 Greatest Support 40 | 20 20 12 40 Greatest Overweight (x) 4 | . 4 . 4 Average Overweight (x) . | . . . . Largest Inventory Capacity 25 | 8 8 8 25 Average Capacity 6 | 6 7 7 5 Most Carried 8 | 3 8 5 5 Average Carried 4 | 2 6 4 4 Final Capacity 8 | 8 5 5 5 Final Carried 5 | 3 5 5 4 Class Distribution -------------------- 91% | Mutant 8% | Sprinter Dominant Class ---------------- Mutant | -10/Materials Sprinter | -9/Materials Mutant | -8/Materials Resources | -11 -10 -9 -8 ----------- Run | Yrd Mat Mat Mat Matter Collected 583 | 260 20 33 270 Remotely . | . . . . Salvage Created 575 | . 158 60 357 Parts 46 | . 15 7 24 Haulers Intercepted 1 | . . . 1 Recyclers Shooed . | . . . . Parts Field Recycled . | . . . . Retrieved Matter . | . . . . Parts Self-Destructed . | . . . . Prevented . | . . . . Kills | -11 -10 -9 -8 ------- Run | Yrd Mat Mat Mat Combat Hostiles Destroyed 21 | . 5 2 14 Melee 1 | . . . 1 Guns 6 | . 5 1 . Cannons 2 | . . . 2 AOE 9 | . . 1 8 Classes Destroyed 8 | . 3 2 3 Worker 1 | . . . 1 Hauler 1 | . . . 1 Operator 1 | . 1 . . Watcher 1 | . . 1 . Swarmer 11 | . 3 1 7 Grunt 5 | . 2 . 3 Duelist 1 | . . . 1 Sentry 4 | . . 1 3 Best Kill Streak 8 | . 4 2 8 Combat Bots Only 7 | . 4 2 7 Max Kills in Single Turn 3 | . 1 1 3 Gunslinging . | . . . . Exploded 3 | . . 1 3 Melee 1 | . . . 1 Uniques/NPCs Destroyed . | . . . . Combat | -11 -10 -9 -8 -------- Run | Yrd Mat Mat Mat Hostile Shots Fired 274 | . 41 30 203 Missed 102 | . 19 18 65 Hits 172 | . 22 12 138 Melee 1 | . . . 1 Projectile 171 | . 22 12 137 Critical Strikes 4 | . 1 . 3 Damage Taken 2699 | . 204 314 2181 Core 785 | . 53 165 567 Absorbed by Shields 52 | . . . 52 Core Remaining (%) 78 | 100 78 58 . Volleys Fired 61 | . 12 8 41 Largest 2 | . 2 1 2 Hottest 90 | . 90 50 75 Shots Fired 74 | . 24 8 42 Gun 45 | . 24 5 16 Cannon 14 | . . . 14 Launcher 15 | . . 3 12 Special . | . . . . Kinetic 16 | . . . 16 Thermal 31 | . 12 5 14 Explosive 15 | . . 3 12 Electromagnetic 12 | . 12 . . Robot Hit Streak 6 | . 6 1 5 Robot Miss Streak 4 | . 2 2 4 Penetration Max . | . . . . Secondary Targets 1 | . 1 . . Max Gunslinging Chain 1 | . 1 . . Shots Hit Robots 52 | . 14 2 36 Core Hits 38 | . 8 5 25 Critical Kills . | . . . . Critical Parts Destroyed 2 | . . . 2 Critical Strikes 4 | . 1 . 3 Burn 1 | . 1 . . Smash 3 | . . . 3 Melee Attacks 18 | . . . 18 Impact 18 | . . . 18 Slashing . | . . . . Piercing . | . . . . Sneak Attacks . | . . . . Combat Hostiles . | . . . . Follow-up Attacks . | . . . . Damage Inflicted 1734 | . 186 88 1460 Guns 374 | . 186 25 163 Cannons 175 | . . . 175 Explosions 718 | . . 63 655 Melee 467 | . . . 467 Ramming . | . . . . Kinetic 163 | . . . 163 Thermal 302 | . 102 25 175 Explosive 718 | . . 63 655 Electromagnetic 84 | . 84 . . Impact 467 | . . . 467 Slashing . | . . . . Piercing . | . . . . Highest Corruption 8 | . . . 8 Average Corruption 8 | . . . 8 Corruption Purged . | . . . . Corruption Blocked . | . . . . Effects 10 | . . . 10 Message Errors 3 | . . . 3 Matter Fused 2 | . . . 2 Heat Flow Errors 1 | . . . 1 Parts Rejected 2 | . . . 2 Data Loss (minor) 2 | . . . 2 Overload Shots . | . . . . Overflow Damage 199 | . . 84 115 Projectiles . | . . . . Explosions 111 | . . 84 27 Melee 88 | . . . 88 Knockbacks 2 | . . . 2 Impact 2 | . . . 2 Kinetic . | . . . . Secondary . | . . . . Self-Inflicted Damage 326 | . . 181 145 Shots 8 | . . 4 4 Rammed . | . . . . Targets Rammed . | . . . . Kicked . | . . . . Crushed . | . . . . Highest Temperature 347 | . 150 30 347 Average Temperature 98 | . 55 16 133 Received Heat Transfer 633 | . 60 18 555 Effects 1 | . . . 1 Short Circuit 1 | . . . 1 Siege Activations . | . . . . Martial Activations . | . . . . Shielding Activations . | . . . . Robots Disrupted . | . . . . Combat Hostiles . | . . . . Robots Corrupted 3 | . . . 3 Combat Hostiles 3 | . . . 3 Parts Fried 2 | . . . 2 Impact Corruptions 5 | . . . 5 Robots Melted . | . . . . Combat Hostiles . | . . . . Parts Melted . | . . . . Heat Transferred 703 | . 370 74 259 Parts Sabotaged . | . . . . Parts Stolen . | . . . . Parts Stripped . | . . . . Power Chain Reactions . | . . . . Alert | -11 -10 -9 -8 ------- Run | Yrd Mat Mat Mat Maximum Alert Level 1 | . . . 1 Low Security (%) 71 | 100 100 100 47 Level 1 28 | . . . 52 Level 2 . | . . . . Level 3 . | . . . . Level 4 . | . . . . Level 5 . | . . . . High Security . | . . . . Max Security . | . . . . Peak Influence 270 | . 86 165 270 Initial 65 | . . 27 65 Average 92 | . 19 62 150 Influence Increases 864 | . 131 198 535 Destroy 0b10 Robot/C 420 | . 100 40 280 Destroy 0b10 Robot/NC 20 | . 5 5 10 Destroy Leader 74 | . 10 12 52 Successful Hack 14 | . . . 14 Disable Machine 90 | . . 15 75 Destroy Structure 126 | . 1 36 89 Partial Spotted 15 | . 15 . . Lose Combat Pursuer 105 | . . 90 15 Influence Decreases 620 | . 65 109 446 Entered New Map 129 | . . 39 90 Time Decay 351 | . 65 40 246 Lost Part 140 | . . 30 110 Squads Dispatched 2 | . 1 1 . Investigation . | . . . . Extermination . | . . . . Reinforcement 2 | . 1 1 . Assault . | . . . . Garrison . | . . . . Intercept . | . . . . Searches Triggered . | . . . . Construction Impeded . | . . . . Haulers Reinforced . | . . . . Active Scanning Responses . | . . . . Cargo Convoy Interrupts . | . . . . Stealth | -11 -10 -9 -8 --------- Run | Yrd Mat Mat Mat Distress Signals 5 | . 1 . 4 Communications Jammed . | . . . . Distress Signals . | . . . . Times Spotted 41 | . 8 9 24 Peak Tracking Total 9 | . 6 8 9 Tactical Retreats 3 | . . 2 1 Traps | -11 -10 -9 -8 ------- Run | Yrd Mat Mat Mat Traps Triggered . | . . . . Indirectly . | . . . . Trap Hack Attempts . | . . . . Triggered . | . . . . Disarmed . | . . . . Reprogrammed . | . . . . Reused . | . . . . Traps Extracted . | . . . . Installed . | . . . . Triggered . | . . . . Machines | -11 -10 -9 -8 ---------- Run | Yrd Mat Mat Mat Machines Disabled 6 | . . 1 5 Max in Single Turn 2 | . . 1 2 Machines Repaired . | . . . . Machines Dismantled . | . . . . Machines Sabotaged . | . . . . Overloaded Fab Kills . | . . . . Hacking | -11 -10 -9 -8 --------- Run | Yrd Mat Mat Mat Machines Accessed 6 | . 3 . 3 Terminals 5 | . 2 . 3 Fabricators . | . . . . Repair Stations . | . . . . Recycling Units 1 | . 1 . . Scanalyzers . | . . . . Garrison Access . | . . . . Total Hacks 10 | . 5 . 5 Successful 2 | . . . 2 Failed 8 | . 5 . 3 Catastrophic 3 | . 3 . . Database Lockouts . | . . . . Manual 4 | . 2 . 2 Terminals 7 | . 2 . 5 Fabricators . | . . . . Repair Stations . | . . . . Recycling Units 3 | . 3 . . Scanalyzers . | . . . . Garrison Access . | . . . . Terminal Hacks 2 | . . . 2 Level Access Points 1 | . . . 1 Branch Access Points 1 | . . . 1 Fabricator Hacks . | . . . . Repair Station Hacks . | . . . . Recycling Unit Hacks . | . . . . Scanalyzer . | . . . . Garrison Access Hacks . | . . . . Unauthorized Hacks . | . . . . Terminals . | . . . . Fabricators . | . . . . Repair Stations . | . . . . Recycling Units . | . . . . Scanalyzers . | . . . . Garrison Access . | . . . . Data Cores Recovered 1 | . 1 . . Used . | . . . . Hacking Detections 5 | . 3 . 2 Full Trace Events . | . . . . Feedback Events . | . . . . Feedback Blocked . | . . . . Robot Schematics Acquired . | . . . . Robots Built . | . . . . Authchips . | . . . . Time . | . . . . Total Robot Build Rating . | . . . . Part Schematics Acquired . | . . . . Parts Built . | . . . . Authchips . | . . . . Time . | . . . . Total Part Build Rating . | . . . . Parts Repaired . | . . . . Time . | . . . . Parts Recycled . | . . . . Recycled Matter . | . . . . Retrieved Matter . | . . . . Retrieved Components . | . . . . Parts Scanalyzed . | . . . . Part Schematics Acquired . | . . . . Parts Damaged . | . . . . Bothacking | -11 -10 -9 -8 ------------ Run | Yrd Mat Mat Mat Used RIF Installer . | . . . . Robots Hacked . | . . . . Non-combat . | . . . . Combat . | . . . . Robot Hacks Applied . | . . . . Relay Couplers Released . | . . . . Fabnet Peak Effective % . | . . . . Robots Rewired . | . . . . Allies Hacked . | . . . . Hacks Repelled . | . . . . Allies | -11 -10 -9 -8 -------- Run | Yrd Mat Mat Mat Total Allies . | . . . . Largest Group . | . . . . Highest-Rated Group . | . . . . Highest-Rated Ally . | . . . . Total Orders . | . . . . Ally Attacks . | . . . . Total Damage . | . . . . Kills . | . . . . Allies Corrupted . | . . . . Allies Melted . | . . . . Intel | -11 -10 -9 -8 ------- Run | Yrd Mat Mat Mat Active Infowar (turns) 333 | . 180 64 89 Optics 144 | . . 55 89 Terrain 189 | . 180 9 . Robot Analysis Total . | . . . . Derelict Logs Recovered . | . . . . Drone Launches . | . . . . Drone Recoveries . | . . . . Exploration | -11 -10 -9 -8 ------------- Run | Yrd Mat Mat Mat Turns Passed 981 | 113 246 86 536 Spaces Moved 735 | 73 168 169 325 Core 56 | 7 1 . 48 Treads 139 | . . . 139 Legs 196 | 66 130 . . Wheels . | . . . . Hover . | . . . . Flight 344 | . 37 169 138 Fastest Speed 29 | 50 32 29 35 Average Speed 89 | 113 102 29 109 Slowest Speed 275 | 120 275 35 250 Overloaded Moves . | . . . . Propulsion Burnouts . | . . . . Robots Hopped . | . . . . Potential Cave-ins . | . . . . Cave-ins Triggered 1 | . . . 1 Exploration Rate (%) 26 | 4 41 22 38 Regions Visited 3 Branch Regions . Pre-discovered Areas . | . . . . Known Exits Taken . | . . . . Unknown Exits Taken 3 | 1 1 1 . Scrap Searched . | . . . . Spaces Dug . | . . . . Terrain Destroyed 150 | . . 45 105 Melee . | . . . . Projectile 6 | . . . 6 AOE 144 | . . 45 99 Terrain Rammed . | . . . . Walls Destroyed . | . . . . Machines Disabled . | . . . . Actions | -11 -10 -9 -8 --------- Run | Yrd Mat Mat Mat Total 941 | 101 218 196 426 Wait 56 | 19 19 8 10 Move 732 | 72 167 168 325 Hop . | . . . . Pick Up 16 | 4 8 1 3 Fast Attach 26 | 5 4 3 14 Attach 6 | 1 . 3 2 Detach 5 | . . 3 2 Swap 5 | . . . 5 Drop 16 | . 8 2 6 Fire 61 | . 12 8 41 Melee 18 | . . . 18 Ram . | . . . . Kick . | . . . . Crush . | . . . . Escape Stasis . | . . . . Rewire . | . . . . Trap . | . . . . Miscellaneous . | . . . . Route ------- -11/Scrapyard -10/Materials -9/Materials (discovered 2 exits: *Mat / [*Min]) -8/Materials (discovered 3 exits: Fac x3) History --------- Turn | Location | Event 18 | -11/Scrapyard | Discovered new exit (range 16) 114 | -11/Scrapyard | Entered Materials 315 | -10/Materials | Build established: Mutant 355 | -10/Materials | Discovered new exit (range 11) 360 | -10/Materials | Entered another Materials area 360 | -9/Materials | Evolved 2 slots: Propulsion x1, Utility x1 442 | -9/Materials | Discovered new exit (range 10) 442 | -9/Materials | Discovered new exit (range 7) 446 | -9/Materials | Entered another Materials area 446 | -8/Materials | Evolved 2 slots: Propulsion x1, Utility x1 742 | -8/Materials | Crushed by falling debris 742 | -8/Materials | Destroyed 7 combat bots 773 | -8/Materials | Lost 4 parts (2n1u1w) 818 | -8/Materials | Core integrity fell below 50% 860 | -8/Materials | Lost 4 parts (1n2u1w) 905 | -8/Materials | Core integrity fell below 20% 966 | -8/Materials | Identified exit to Factory 982 | -8/Materials | Destroyed by Y-45 Defender with Heavy Assault Rifle Last Messages --------------- 00954_ Connecting with Terminal... >>Access(Branch) No branch access points found. 00955_ K-01 Serf cleans the Terminal. 00956_ T-07 Excavator is excavating. 00958_ K-01 Serf destroyed. 00960_ T-07 Excavator is excavating. 00966_ Connecting with Terminal... >>Access(Main) Found 3 level access points to Factory: (51,9) (88,89) (52,92) Map updated. 00967_ System corrupted: Matter fused (-10). 00968_ Acquired VSS Leg. 00971_ Cesium-ion Thruster destroyed. 00979_ Acquired 29 matter. 00979_ Flight Unit destroyed. 00982_ System corrupted: Matter fused (-7). Map ----- +----------------------------------------------------+ | ?????????????????????????????????????????????????? | | ??????????????????????##############?????????????? | | ??????????????????????# #= = #?????#???????? | | ??????????????????????# """ # =### ##??????? | | ??????????????????????# "T" + " ?????? | | ??????????????????????# # ### ##??????? | | ??????????????????????# [ #! #?????#???????? | | ?????????